 Dungeon Crawl Stone Soup version 0.26-a0-639-g72c4674329 (webtiles) character file.

Game seed: 3684061959998725588

244 tof the Twirler (level 5, 0/41 HPs)
             Began as a Demonspawn Gladiator on Sept 28, 2020.
             Slain by an orc
             ... wielding a +0 flail
              (4 damage)
             ... on level 3 of the Dungeon.
             The game lasted 00:05:44 (3729 turns).

tof the Twirler (Demonspawn Gladiator)              Turns: 3729, Time: 00:05:45

Health: 0/41       AC:  5    Str: 16    XL:     5   Next: 83%
Magic:  5/5        EV: 13    Int:  9    God:
Gold:   176        SH:  0    Dex: 14    Spells: 4/4 levels left

rFire    . . .     SeeInvis .   a - +0 quarterstaff
rCold    . . .     Faith    .   (shield currently unavailable)
rNeg     . . .     Spirit   .   l - +1 leather armour {MR+}
rPois    .         Reflect  .   c - +0 helmet
rElec    .         Harm     .   (no cloak)
rCorr    .         Rampage  .   (no gloves)
MR       +....                  (no boots)
Stlth    +.........             (no amulet)
HPRegen  0.13/turn              (no ring)
MPRegen  0.09/turn              (no ring)

@: no status effects
A: talons 1, powered by pain 1
a: no special abilities


You were on level 3 of the Dungeon.
You visited 1 branch of the dungeon, and saw 3 of its levels.

You collected 176 gold pieces.

Inventory:

Hand Weapons
 a - a +0 quarterstaff (weapon)
Missiles
 d - 3 throwing nets
 h - 9 boomerangs (quivered)
Armour
 c - a +0 helmet (worn)
 l - a +1 leather armour of magic resistance (worn)
Scrolls
 b - a scroll of enchant armour {unknown}
 e - a scroll of noise {unknown}
 f - 2 scrolls of teleportation {unknown}
 g - 4 scrolls of identify {unknown}
 j - 2 scrolls of blinking {unknown}
Potions
 i - a potion of stabbing {unknown}
 k - a potion of curing {unknown}


   Skills:
 + Level 3.4 Fighting
 + Level 3.8 Staves
 - Level 1.7 Throwing
 + Level 2.4 Armour
 + Level 3.7 Dodging


You had 4 spell levels left.
You didn't know any spells.
Your spell library was empty.

Dungeon Overview and Level Annotations

Branches:
Dungeon (3/15)

Altars:


Innate Abilities, Weirdness & Mutations

You have sharp toenails.
You sometimes gain a little power by taking damage.


Message History

Your kick misses the orc wizard.
The orc wizard is severely wounded.
The orc wizard completely misses you. The orc barely misses you.
You barely miss the orc wizard.
The orc wizard is severely wounded.
The orc wizard hits you with a +0 dagger.
The orc hits you with a +0 flail.
* * * LOW HITPOINT WARNING * * *
The orc wizard hits you but does no damage.
You closely miss the orc wizard.
The orc wizard is severely wounded.
The orc wizard gestures at you while chanting.
The puff of flame hits you!
* * * LOW HITPOINT WARNING * * *
The orc misses you.
You miss the orc wizard.
You claw the orc wizard, but do no damage.
The orc wizard is severely wounded.
The orc wizard closely misses you. The orc hits you with a +0 flail.
You die...

#.....# #..# ..#
#.....# #..# ..
#.....# #..## #.#
##'#### #.(.. .. #.#
#)### #.#####.##
###)### #........##
#...... ##o#####..#
#......
#@o#####.###......
#..#.....[...#'###
#....#######..(# ...
#...###.⌠.###.)# ...
#...##.....##..#
....
#...#.......#..#
....#...#.8.o.8.#..#
#o.#...#.......#..#
#.....#.......#..#


You could see an orc wizard and an orc.

Vanquished Creatures
  An orc priest (D:3)
  2 orc wizards
  Terence (D:2)
  5 gnolls
  3 adders (D:2)
  An ooze (D:3)
  A dart slug (D:2)
  6 orcs (D:3)
  2 giant cockroaches (D:2)
  10 goblins
  5 hobgoblins
  5 bats
  2 frilled lizards
  5 kobolds
  7 rats
56 creatures vanquished.

Notes
Turn   | Place    | Note
-------+----------+-------------------------------------------
     0 | D:1      | tof the Demonspawn Gladiator began the quest for the Orb.
     0 | D:1      | Reached XP level 1. HP: 16/16 MP: 1/1
    80 | D:1      | Gained mutation: You sometimes gain a little power by
                  | taking damage. [demonic ancestry]
    80 | D:1      | Reached XP level 2. HP: 19/22 MP: 2/2
   590 | D:1      | Reached skill level 1 in Armour
   967 | D:1      | Reached XP level 3. HP: 22/28 MP: 3/3
  1579 | D:2      | Gained mutation: You have sharp toenails. [demonic
                  | ancestry]
  1579 | D:2      | Reached XP level 4. HP: 34/34 MP: 4/4
  2100 | D:2      | Noticed Terence
  2114 | D:2      | Killed Terence
  2942 | D:2      | Reached XP level 5. HP: 16/41 MP: 5/5
  3729 | D:3      | Slain by an orc

Illustrated notes

Levels and vault maps discovered:
D:1:      mrwooster_arrival_arrow, layout_loops_corners
D:2:      layout_loops_corners, eino_tiny_chamber, uniq_terence
D:3:      cheibrodos_pilgrimage, layout_basic, chequers_garden,
          minmay_large_rounded_square, tgw_kikubaaqudgha

Skill      XL: |  1  2  3  4 |
---------------+-------------+-----
Staves         | 3 |  3.8
Armour         | 1 2 |  2.4
Dodging        | 3 |  3.7
Fighting       | 3 |  3.4
Throwing       | |  1.7

Action                   |  1- 3 |  4- 6 || total
-------------------------+-------+-------++-------
Melee: Quarterstaff      |    54 |   108 ||   162
       Kick              |       |    31 ||    31
 Stab: Sleeping          |       |     1 ||     1
Armor: Leather armour    |    11 |    15 ||    26
       Ring mail         |     4 |    16 ||    20
Dodge: Dodged            |    41 |    70 ||   111

Table legend: (Time is in decaauts)
 A = Elapsed time spent in this place.
 B = Non-inter-level travel time spent in this place.
 C = Inter-level travel time spent in this place.
 D = Time resting spent in this place.
 E = Time spent auto-exploring this place.
 F = Levels seen in this place.
 G = Mean time per level.
                   A        B        C        D        E       F      G
               +--------+--------+--------+--------+--------+-----+--------+
         Total |   3758 |   3742 |     16 |   1676 |   1488 |   3 | 1252.7 |
       Dungeon |   3758 |   3742 |     16 |   1676 |   1488 |   3 | 1252.7 |
               +--------+--------+--------+--------+--------+-----+--------+

Top non-repeatable levels by time:
     D:2: 1771 daAuts
     D:1: 1481 daAuts
     D:3: 505 daAuts
